 Dungeon Crawl Stone Soup version 0.29.1-12-g30fa7ad0bf (webtiles) character file.

Game seed: 13586647560421265907

62 Baconl0rd the Ducker (level 4, 0/34 HPs)
             Began as a Djinni Gladiator on Dec 23, 2022.
             Slain by a gnoll
             ... wielding a +0 club
              (6 damage)
             ... on level 3 of the Dungeon on Dec 31, 2022.
             The game lasted 00:09:59 (1828 turns).

Baconl0rd the Ducker (Djinni Gladiator)             Turns: 1828, Time: 00:09:59

Health: 0/34       AC:  7    Str: 13    XL:     4   Next: 28%
Gold:   106        EV: 10    Int: 18    God:
                   SH:  0    Dex: 14

rFire   + + .      SeeInvis .   a - +0 long sword
rCold   x . .      Faith    .   (no shield)
rNeg    . . .      Spirit   .   k - +0 scale mail
rPois   ∞          Reflect  .   c - +0 helmet
rElec   .          Harm     .   (no cloak)
rCorr   .          Rampage  .   (no gloves)
Will    .....                   (boots unavailable)
Stlth   ..........              (no amulet)
HPRegen 0.11/turn               n - +6 ring of intelligence
MPRegen 0.00/turn               (no ring)

@: flying, very slightly contaminated
A: sickness immunity, fire resistance 2, cold vulnerability 1, float, innate
caster, HP casting, extra vitality 1
a: no special abilities


You were on level 3 of the Dungeon.
You visited 1 branch of the dungeon, and saw 3 of its levels.

You collected 106 gold pieces.

Inventory:

Hand Weapons
 a - a +0 long sword (weapon)
 q - the +7 sling of Dullness {speed, rF+ rN+ Will- SInv}
   (You found it on level 3 of the Dungeon)

   Attacks with this weapon are significantly faster.
   rF:        It protects you from fire.
   rN:        It protects you from negative energy.
   SInv:      It lets you see invisible.
   Will:      It decreases your willpower.
Missiles
 d - 3 throwing nets (quivered)
 e - a javelin
Armour
 b - a +0 leather armour
 c - a +0 helmet (worn)
 k - a +0 scale mail (worn)
Jewellery
 n - a +6 ring of intelligence (left hand)
Scrolls
 g - a scroll of fear {unknown}
 i - 2 scrolls of vulnerability {unknown}
 m - 3 scrolls of identify {unknown}
 p - a scroll of silence {unknown}
Potions
 f - a potion of might {unknown}
 h - 4 potions of brilliance {unknown}
 j - 3 potions of curing {unknown}
 l - a potion of degeneration {unknown}
 o - a potion of flight {unknown}


   Skills:
 + Level 2.3 Fighting
 + Level 3.4 Long Blades
 - Level 1.5 Throwing
 + Level 0.6 Armour
 + Level 3.8 Dodging
 + Level 0.9 Spellcasting


You had 3 spell levels left.
You knew the following spells:

 Your Spells              Type           Power      Damage    Failure   Level
a - Shock                 Conj/Air       16%        1d4       54%         1
Your spell library was empty.

Dungeon Overview and Level Annotations

Branches:
Dungeon (2/15)

Altars:

Shops:
D:3 *


Innate Abilities, Weirdness & Mutations

You are immune to sickness and miasma.
You are immune to poison.
Your flesh is very heat resistant. (rF++)
You are vulnerable to cold. (rC-)
You float through the air rather than walking.
You learn spells naturally, not from books.
Your magical power is your life essence.
You have superior vitality. (+4 MHP)


Message History

Unknown command.
Casting: Shock (safe; 61% risk of failure)
Confirm with . or Enter, or press ? or * to list all spells.
Aiming: Shock (safe; 61% risk of failure)
Press: ? - help, Shift-Dir - straight line, f/p - gnoll
Aim: a gnoll, wielding a +0 club (moderately wounded, 69% to hit)
The zap hits the gnoll.
The gnoll is heavily wounded.
The zap hits the gnoll.
The gnoll is heavily wounded.
The zap misses the gnoll.
The gnoll hits you from afar with a +0 spear.
Casting: Shock (safe; 61% risk of failure)
Confirm with . or Enter, or press ? or * to list all spells.
Aiming: Shock (safe; 61% risk of failure)
Press: ? - help, Shift-Dir - straight line, f/p - gnoll
Aim: a gnoll, wielding a +0 club (heavily wounded, 69% to hit)
The zap hits the gnoll.
The gnoll is heavily wounded.
The zap misses the gnoll.
The zap hits the gnoll.
The gnoll is moderately wounded.
The gnoll hits you from afar with a +0 spear.
The gnoll hits you but does no damage.
You hit the gnoll.
The gnoll is severely wounded.
The gnoll barely misses you.
You slash the gnoll!
You kill the gnoll!
You hit the gnoll.
The gnoll is heavily wounded.
The gnoll closely misses you.
You hit the gnoll.
The gnoll is severely wounded.
The gnoll hits you from afar with a +2 halberd of protection.
* * * LOW HITPOINT WARNING * * *
The gnoll barely misses you. x2; The gnoll hits you but does no damage.
You hit the gnoll but do no damage.
The gnoll is severely wounded.
The gnoll barely misses you. The gnoll hits you with a +0 club.
You die...

##.# #.. #.. #..
#.# #g# # #g#
#.#@######.#
#..........# # #.#
###.##.##..#.# #.#
#.##>##..#.# #.#
#..........# #.#
#.##.##..### #.#
#.#...#..# #.#
#........#######.#
##................


You could see 2 gnolls.

Vanquished Creatures
  A gnoll (D:3)
  An adder (D:3)
  A dart slug (D:3)
  An orc (D:3)
  3 ball pythons
  2 endoplasms (D:1)
  4 giant cockroaches
  7 goblins
  4 hobgoblins
  4 quokkas
  4 bats
  2 rats (D:1)
34 creatures vanquished.

Notes
Turn   | Place    | Note
-------+----------+-------------------------------------------
     0 | D:1      | Baconl0rd the Djinni Gladiator began the quest for the Orb.
     0 | D:1      | Reached XP level 1. HP: 18/18 MP: 0/0
    38 | D:1      | Reached XP level 2. HP: 22/23 MP: 0/0
   491 | D:1      | Found a faded altar of an unknown god.
   504 | D:1      | Reached XP level 3. HP: 27/28 MP: 0/0
   504 | D:1      | Learned a level 1 spell: Shock
   856 | D:2      | You are sucked into a shaft and drop 1 floor!
   885 | D:3      | Found Axup's General Store.
  1545 | D:3      | Reached XP level 4. HP: 30/34 MP: 0/0
  1722 | D:3      | Identified the +7 sling of Dullness {speed, rF+ rN+ Will-
                  | SInv}
  1828 | D:3      | Slain by a gnoll

Illustrated notes

Levels and vault maps discovered:
D:1:      nzn_arrival_water_spiral, layout_rooms,
          shapermc_ecumenical_altar_mp_highgroup
D:2:      layout_basic, minmay_misc_feat_encased
D:3:      layout_loops_ring, serial_shops, nicolae_shop_statue_plus

Skill      XL: |  1  2 |
---------------+-------+-----
Long Blades    | 3 |  3.4
Fighting       | |  2.3
Throwing       | |  1.5
Armour         | |  0.6
Dodging        | |  3.8
Spellcasting   | |  0.9

Action                   |  1- 3 |  4- 6 || total
-------------------------+-------+-------++-------
Melee: Long sword        |    78 |    11 ||    89
       Punch             |     1 |     1 ||     2
 Cast: Shock             |    11 |    13 ||    24
Armor: Leather armour    |     5 |       ||     5
       Scale mail        |    42 |    16 ||    58
Dodge: Dodged            |    51 |    18 ||    69
